 Dungeon Crawl Stone Soup version 0.26.0-45-g9c1d065592 (webtiles) character file.

Game seed: 7108472266385433626

356 Gauvater the Chopper (level 6, -6/55 HPs)
             Began as a Palentonga Fighter on Jan 28, 2021.
             Was an Initiate of Wu Jian.
             Mangled by an orc warrior
             ... wielding a +0 trident
              (19 damage)
             ... on level 4 of the Dungeon.
             The game lasted 00:14:12 (3086 turns).

Gauvater the Chopper (Palentonga Fighter)           Turns: 3086, Time: 00:14:13

Health: -6/55      AC:  6    Str: 22    XL:     6   Next: 36%
Magic:  6/6        EV:  6    Int:  8    God:    Wu Jian [......]
Gold:   180        SH:  9    Dex:  9    Spells: 5/5 levels left

rFire    . . .     SeeInvis +   a - +0 war axe
rCold    . . .     Faith    .   c - +0 kite shield
rNeg     . . .     Spirit   .   b - +0 scale mail
rPois    .         Reflect  .   (no helmet)
rElec    .         Harm     .   (no cloak)
rCorr    .         Rampage  .   (no gloves)
Will     .....                  (no barding)
Stlth    ..........             (no amulet)
HPRegen  0.18/turn              (no ring)
MPRegen  0.10/turn              (no ring)

@: no status effects
A: large, rugged brown scales 3, see invisible, deformed body, roll 1, armoured
tail
a: Rolling Charge, Renounce Religion


You were on level 4 of the Dungeon.
You worshipped Wu Jian.
Wu Jian was noncommittal.
You visited 1 branch of the dungeon, and saw 4 of its levels.

You collected 180 gold pieces.

Inventory:

Hand Weapons
 a - a +0 war axe (weapon)
 p - a +1 mace of protection
 w - a +3 mace
Missiles
 e - 50 sling bullets
 f - 203 stones
 g - 83 bolts
 v - 16 arrows
Armour
 b - a +0 scale mail (worn)
 c - a +0 kite shield (worn)
Jewellery
 q - an uncursed ring of positive energy {unknown}
Wands
 t - a wand of polymorph (6)
Scrolls
 h - a scroll of amnesia {unknown}
 i - 2 scrolls of enchant weapon {unknown}
 j - 2 scrolls of identify {unknown}
 k - 2 scrolls of immolation {unknown}
 n - a scroll of magic mapping {unknown}
 u - a scroll of blinking {unknown}
Potions
 l - a potion of invisibility {unknown}
 m - 2 potions of curing {unknown}
 o - a potion of brilliance {unknown}
 r - a potion of mutation {unknown}
 s - a potion of flight {unknown}


   Skills:
 + Level 3.8 Fighting
 + Level 4.6 Axes
 + Level 3.6 Armour
 + Level 0.8 Dodging
 + Level 0.1 Stealth
 + Level 3.2 Shields


You had 5 spell levels left.
You didn't know any spells.
Your spell library was empty.

Dungeon Overview and Level Annotations

Branches:
Dungeon (4/15)
 Temple: D:4-7

Altars:
Elyvilon
Nemelex Xobeh
Wu Jian

Annotations:
D:4 Natasha


Innate Abilities, Weirdness & Mutations

You are completely covered in rugged brown scales. (AC +3, +7% HP)
You have supernaturally acute eyesight. (SInv)
Armour fits poorly on your strangely shaped body.
You can roll at nearby foes to attack.
You have a long armoured tail.


Message History

You barely miss the orc. The orc barely misses you.
You block the orc warrior's attack. The orc hits you but does no damage.
The orc warrior hits you from afar with a +0 trident.
* * * LOW HITPOINT WARNING * * *
The orc priest looks satisfied for a moment.
Natasha, Servant of Life and Death comes into view.
She is carrying a wand of polymorph (3).
Natasha hisses angrily.
The orc priest looks braver for a moment.
Natasha growls.
Natasha zaps a wand.
You resist with some effort.
Natasha zaps a wand.
You resist with some effort.
You lunge at Natasha, but your attack speed is too slow for a blow to land.
Natasha claws you.
* * * LOW HITPOINT WARNING * * *
Things that are here:
a +0 whip; a +0 club You barely miss Natasha.
Natasha claws you.
* * * LOW HITPOINT WARNING * * *
The orc warrior hits you from afar with a +0 trident!!
You die...

..##.. ... #.##.## ....
......## ....#####
#.#..... .#... ........#
#.#....# #.##. ........#
#.##.#.# #.##.
#......####.##.#.# #)##.
#.......#...oo..o........
#..##..######.))..##.
#.###..# #.######† #.#
#..# #o# #. #.# #..# #<#
#.


You could see an orc warrior, Natasha and an orc.

Vanquished Creatures
  A phantom (D:3)
  An orc wizard (D:4)
  2 orc priests
  Natasha (D:4)
  A hound skeleton (D:4)
  2 adders (D:3)
  A howler monkey skeleton (D:4)
  An ooze (D:4)
  2 worms (D:3)
  3 dart slugs
  A leopard gecko (D:2)
  13 orcs
  4 giant cockroaches
  4 goblins
  5 hobgoblins
  11 jackals
  2 quokkas (D:3)
  2 ball pythons
  9 bats
  10 frilled lizards
  9 kobolds
  6 rats (D:3)
91 creatures vanquished.

Notes
Turn   | Place    | Note
-------+----------+-------------------------------------------
     0 | D:1      | Gauvater the Palentonga Fighter began the quest for the
                  | Orb.
     0 | D:1      | Reached XP level 1. HP: 20/20 MP: 1/1
   224 | D:1      | Reached XP level 2. HP: 27/27 MP: 2/2
   946 | D:2      | Reached XP level 3. HP: 33/33 MP: 3/3
  1112 | D:2      | Found a sparkling altar of Nemelex Xobeh.
  1451 | D:3      | Reached skill level 3 in Axes
  1453 | D:3      | Reached XP level 4. HP: 40/40 MP: 4/4
  1737 | D:3      | Found a white marble altar of Elyvilon.
  1953 | D:3      | Found an ornate altar of the Wu Jian Council.
  1959 | D:3      | Became a worshipper of the Wu Jian Council
  2429 | D:4      | Noticed a phantom
  2442 | D:4      | Reached XP level 5. HP: 40/48 MP: 5/5
  2685 | D:3      | Killed a phantom
  2686 | D:3      | Reached skill level 4 in Axes
  2686 | D:3      | Reached XP level 6. HP: 36/55 MP: 6/6
  3018 | D:4      | Noticed Natasha
  3052 | D:4      | Killed Natasha
  3071 | D:4      | Noticed an orc warrior
  3082 | D:4      | Noticed Natasha
  3086 | D:4      | Mangled by an orc warrior

Illustrated notes

Levels and vault maps discovered:
D:1:      dpeg_cavernosity, layout_basic
D:2:      layout_rooms, lemuel_crystal_altar
D:3:      layout_basic, elyvilon_altar_1, nzn_wu_jian_contemplation
D:4:      layout_loops_ring, nicolae_ru_the_path_less_chosen, uniq_natasha

Skill      XL: |  1  2  3  4  5 |
---------------+----------------+-----
Axes           | 3 4 |  4.6
Armour         | 3 |  3.6
Shields        | 3 |  3.2
Fighting       | |  3.8
Dodging        | |  0.8
Stealth        | |  0.1

Action                   |  1- 3 |  4- 6 || total
-------------------------+-------+-------++-------
Melee: War axe           |    69 |   150 ||   219
       Tailslap          |     4 |    12 ||    16
 Abil: Rolling Charge    |    18 |    23 ||    41
  Use: Potion            |       |     1 ||     1
Armor: Scale mail        |    27 |    75 ||   102
Dodge: Dodged            |    18 |    48 ||    66
Block: Kite shield       |    37 |    80 ||   117
